 Dungeon Crawl Stone Soup version 0.28-a0-1199-gef9e1dbd39 (webtiles) character file.

Game seed: 6525655081572411857

1005 SmokeWeed the Sneak (level 8, -6/37 HPs)
             Began as a Spriggan Conjurer on Dec 20, 2021.
             Killed by divine providence
             ... invoked by an orc priest
              (13 damage)
             ... on level 5 of the Dungeon.
             The game lasted 00:18:08 (6380 turns).

SmokeWeed the Sneak (Spriggan Conjurer)             Turns: 6380, Time: 00:18:09

Health: -6/37      AC:  4    Str:  3    XL:     8   Next: 0%
Magic:  3/15       EV: 18    Int: 21    God:
Gold:   235        SH:  0    Dex: 14    Spells: 7/15 levels left

rFire   . . .      SeeInvis +   e - +0 rapier
rCold   . . .      Faith    .   (shield restricted)
rNeg    . . .      Spirit   .   a - +0 robe
rPois   .          Reflect  .   (helmet restricted)
rElec   .          Harm     .   p - +1 cloak {rCorr}
rCorr   +          Rampage  .   (gloves unavailable)
Will    +....                   (boots unavailable)
Stlth   +++.......              (no amulet)
HPRegen 0.12/turn               (no ring)
MPRegen 0.14/turn               (no ring)

@: very quick
A: very small, no large weapons, unfitting armour, see invisible, speed 3
a: no special abilities


You were on level 5 of the Dungeon.
You visited 1 branch of the dungeon, and saw 5 of its levels.

You collected 235 gold pieces.

Inventory:

Hand Weapons
 d - a +0 short sword
 e - a +0 rapier (weapon)
 i - a +0 hunting sling
 k - a +1 whip of pain
 s - a +1 short sword of venom
 v - a +0 dagger of speed
 A - a +3 dagger
Missiles
 j - 7 poisoned darts
 m - 99 stones
 z - 2 boomerangs
Armour
 a - a +0 robe (worn)
 p - a +1 cloak of preservation (worn)
Jewellery
 b - a ring of fire
 t - a ring of fire
Scrolls
 w - a scroll of identify
 x - a scroll of vulnerability {unknown}
 y - a scroll of enchant armour {unknown}
Potions
 c - 5 potions of curing
 f - a potion of brilliance {unknown}
 g - 2 potions of resistance {unknown}
 h - 2 potions of mutation {unknown}
 l - a potion of might {unknown}
 n - a potion of ambrosia {unknown}
 o - a potion of heal wounds {unknown}
 q - a potion of berserk rage {unknown}
 r - a potion of haste {unknown}
 u - a potion of lignification {unknown}


   Skills:
 + Level 1.0 Fighting
 + Level 3.1 Short Blades
 + Level 0.1 Maces & Flails
 + Level 1.8 Throwing
 * Level 4.8 Dodging
 + Level 5.2 Stealth
 + Level 4.4 Spellcasting
 + Level 4.2 Conjurations
 * Level 2.7 Air Magic
 * Level 3.3 Poison Magic


You had 7 spell levels left.
You knew the following spells:

 Your Spells              Type           Power      Damage    Failure   Level
a - Magic Dart            Conj           88%        1d7       1%          1
b - Searing Ray           Conj           44%        2d6       3%          2
c - Mephitic Cloud        Conj/Pois/Air  19%        N/A       9%          3
d - Static Discharge      Conj/Air       19%        N/A       4%          2

Your spell library contained the following spells:

 Spells                   Type           Power      Damage    Failure   Level
 Conjure Flame            Conj/Fire      13%        6-21      14%         3
 Dazzling Flash           Conj/Hex       26%        N/A       14%         3
 Fulminant Prism          Conj/Hex       6%         3d7       43%         4
 Hailstorm                Conj/Ice       13%        3d5       43%         4
 Iskenderun's Mystic Bla  Conj/Tloc      13%        2d5       43%         4
 Sticky Flame             Conj/Fire      13%        2d4       43%         4
 Lightning Bolt           Conj/Air       9%         1d22      58%         5
 Dispel Undead            Necr           4%         3d7       75%         4
 Fire Storm               Conj/Fire      6%         8d2       100%        9


Dungeon Overview and Level Annotations

Branches:
Dungeon (5/15)
 Temple: D:4-7

Altars:
Elyvilon

Shops:
D:4 ?


Innate Abilities, Weirdness & Mutations

You are very small and have problems with some larger weapons.
You are too small for most types of armour.
You have supernaturally acute eyesight. (SInv)
You cover ground extremely quickly. (Speed+++)


Message History

The magic dart hits the orc wizard.
You kill the orc wizard!
You have reached level 8!
Aiming: Magic Dart (safe; 1% risk of failure)
Press: ? - help, Q - select action, (/) - cycle Shift-Dir - straight line, f - phantom
Aim: a phantom (100% to hit)
The magic dart hits the phantom but does no damage.
Aiming: Magic Dart (safe; 1% risk of failure)
Press: ? - help, Q - select action, (/) - cycle Shift-Dir - straight line, f - orc priest, p - phantom
Aim: an orc priest, wielding a +0 falchion and wearing a +0 scale mail (100% to hit)
The magic dart hits the orc priest but does no damage.
Aiming: Magic Dart (safe; 1% risk of failure)
Press: ? - help, Q - select action, (/) - cycle Shift-Dir - straight line, f/p - orc priest
Aim: an orc priest, wielding a +0 falchion and wearing a +0 scale mail (100% to hit)
The magic dart hits the orc priest but does no damage.
Casting: Magic Dart (safe; 1% risk of failure)
Confirm with . or Enter, or press ? or * to list all spells.
Aiming: Searing Ray (safe; 3% risk of failure)
Press: ? - help, Shift-Dir - straight line, f/p - orc priest
Aim: an orc priest, wielding a +0 falchion and wearing a +0 scale mail (81% to hit)
The searing ray hits the orc priest but does no damage.
The searing ray hits the phantom.
The phantom is lightly damaged. (Press . to maintain the ray.)
The searing ray hits the orc priest.
The orc priest is moderately wounded.
The searing ray hits the phantom!
The phantom is heavily damaged.
The orc priest hits you with a +0 falchion.
The searing ray hits the orc priest.
The orc priest is moderately wounded.
The orc priest misses you.
The orc priest invokes the aid of Beogh against you.
Beogh smites you! The phantom misses you.
The orc priest mumbles some strange prayers to Beogh against you.
Beogh smites you!
* * * LOW HITPOINT WARNING * * *
The orc priest calls down the wrath of Beogh upon you.
Beogh smites you!
You die...

.......).. ..# ## #########.
... . .. .[..####..... ...
.. .o #........#. .. ..##.
#####.##... .. ....##
#####.##... # #.
#..###.....##.## #..###.
###......######.##
#.....####@..............##
#....W..#....##.........
##o.##..#.....[.......##
##).####.......###.....##
....####...............#.
.......>...#....####..).(..
.................# #.......
.................# #.#.....
........................##.#


You could see a phantom and an orc priest.

Vanquished Creatures
  A wyvern (D:5)
  A black bear (D:4)
  3 ogres
  A gnoll sergeant (D:5)
  A water moccasin skeleton (D:4)
  A howler monkey (D:5)
  A centaur zombie (D:5)
  A centaur skeleton (D:4)
  An iguana (D:4)
  3 orc wizards (D:5)
  A hound skeleton (D:4)
  6 adders
  4 gnolls (D:5)
  2 ufetubi (D:5)
  3 dart slugs
  11 orcs
  9 ball pythons
  3 bats
  2 endoplasms
  4 giant cockroaches
  5 goblins
  4 hobgoblins
  3 jackals (D:1)
  3 quokkas
  3 frilled lizards
  6 kobolds
  4 rats
87 creatures vanquished.

Notes
Turn   | Place    | Note
-------+----------+-------------------------------------------
     0 | D:1      | SmokeWeed the Spriggan Conjurer began the quest for the
                  | Orb.
     0 | D:1      | Reached XP level 1. HP: 9/9 MP: 5/5
   235 | D:1      | Reached XP level 2. HP: 9/13 MP: 1/6
   335 | D:1      | Learned a level 2 spell: Searing Ray
  1492 | D:1      | Reached XP level 3. HP: 16/16 MP: 6/8
  1592 | D:2      | Identified a scroll of acquirement
  1592 | D:2      | Acquired the Almanac of Conjuration
  1598 | D:2      | Learned a level 3 spell: Mephitic Cloud
  2920 | D:3      | Learned a level 2 spell: Static Discharge
  2942 | D:3      | Found a faded altar of an unknown god.
  2955 | D:3      | Found a white marble altar of Elyvilon.
  3110 | D:3      | Reached skill level 1 in Poison Magic
  3281 | D:3      | Reached XP level 4. HP: 13/21 MP: 1/9
  3544 | D:3      | Reached skill level 1 in Short Blades
  3983 | D:4      | Noticed a black bear
  4004 | D:4      | Killed a black bear
  4005 | D:4      | Reached skill level 1 in Air Magic
  4005 | D:4      | Reached XP level 5. HP: 24/24 MP: 6/11
  4074 | D:4      | Noticed an ogre
  4099 | D:4      | Killed an ogre
  4100 | D:4      | Reached skill level 4 in Stealth
  4100 | D:4      | Reached XP level 6. HP: 29/29 MP: 5/12
  4260 | D:4      | Reached skill level 1 in Throwing
  4518 | D:4      | Found Irism's Magic Scroll Emporium.
  5242 | D:5      | Entered Level 5 of the Dungeon
  5256 | D:5      | Reached XP level 7. HP: 23/32 MP: 8/13
  5467 | D:5      | Noticed a wyvern
  5807 | D:5      | Reached skill level 5 in Stealth
  5938 | D:5      | Killed a wyvern
  5939 | D:5      | Reached skill level 1 in Fighting
  6371 | D:5      | Reached XP level 8. HP: 37/37 MP: 8/15
  6380 | D:5      | Killed from afar by an orc priest

Illustrated notes

Levels and vault maps discovered:
D:1:      psy_arrival_dodecagon, layout_basic
D:2:      layout_basic, minmay_misc_feat_doors, minmay_misc_feat_enclosed,
          chequers_serial_rivers_small_3
D:3:      layout_loops_ring, elyvilon_altar_4, ebering_ecumenical_altar_box
D:4:      layout_layer_cave, serial_shops, nicolae_diamond_shop, st_stairs_1,
          palyth_stone_intersect, item_on_display_a
D:5:      layout_rooms, grunt_qazlal_sundering, serial_shops, shop

Skill      XL: |  1  2  3  4  5  6  7 |
---------------+----------------------+-----
Conjurations   | 3 4 |  4.2
Spellcasting   | 3 4 |  4.4
Poison Magic   | 1 2 3 |  3.3
Short Blades   | 1 2 3 |  3.1
Dodging        | 3 4 |  4.8
Air Magic      | 1 2 |  2.7
Stealth        | 4 5 |  5.2
Throwing       | 1 |  1.8
Fighting       | 1 |  1.0
Maces & Flails | |  0.1

Action                   |  1- 3 |  4- 6 |  7- 9 || total
-------------------------+-------+-------+-------++-------
Melee: Short sword       |     8 |       |       ||     8
       Whip              |     9 |       |       ||     9
       Rapier            |    14 |    35 |     6 ||    55
Throw: Dart              |       |    18 |       ||    18
 Cast: Magic Dart        |    60 |     2 |    51 ||   113
       Searing Ray       |     6 |    21 |    14 ||    41
  Use: Scroll            |     5 |     2 |       ||     7
 Stab: Sleeping          |     5 |     4 |       ||     9
Armor: Robe              |     2 |    11 |     3 ||    16
Dodge: Dodged            |    28 |    44 |    28 ||   100

Table legend: (Time is in decaauts)
 A = Elapsed time spent in this place.
 B = Non-inter-level travel time spent in this place.
 C = Inter-level travel time spent in this place.
 D = Time resting spent in this place.
 E = Time spent auto-exploring this place.
 F = Levels seen in this place.
 G = Mean time per level.
                   A        B        C        D        E       F      G
               +--------+--------+--------+--------+--------+-----+--------+
         Total |   4939 |   4879 |     60 |    687 |   3382 |   5 |  987.8 |
       Dungeon |   4939 |   4879 |     60 |    687 |   3382 |   5 |  987.8 |
               +--------+--------+--------+--------+--------+-----+--------+

Top non-repeatable levels by time:
     D:1: 1187 daAuts
     D:4: 1142 daAuts
     D:5: 955 daAuts
     D:2: 858 daAuts
     D:3: 796 daAuts
